Map: Lerilak Crest

Players

Nerchio - Winner!

  • Race: Zerg Zerg
  • League: Grandmaster

Serral

  • Race: Zerg Zerg
  • League: Grandmaster

Event: DreamHack ZOWIE Open Leipzig

VOD

Have the link to the VOD?

Description

Time

  • Played on: Jan. 22, 2016, 8:43 a.m.
  • Length: 7:23

All games in this series

Show
View Real Time Build Order
Export as new Build Order

Nerchio Zerg - Winner!

Build Orders: Pool First, Zergling Baneling 

Get SALT Encoding   

  12  0:00  Drone  
  13  0:12  Overlord  
  13  0:17  Drone  
  14  0:31  Drone x2  
  14  0:34  Drone  
  17  0:38  Extractor  
  16  0:46  Spawning Pool  
  15  0:50  Drone  
  15  0:56  Drone  
  17  1:07  Overlord  
  17  1:19  Drone  
  18  1:33  Zergling x2, Queen  
  18  1:38  Metabolic Boost  
  18  1:39  Zergling x2  
  22  1:56  Hatchery  
  22  2:00  Zergling x2  
  22  2:03  Drone  
  23  2:11  Drone  
  24  2:18  Queen  
  26  2:23  Drone  
  26  2:29  Baneling Nest  
  26  2:34  Zergling x2  
  27  2:43  Zergling x4  
  29  2:44  Zergling x2  
  29  2:49  Overlord  
  30  3:08  Zergling x2  
  27  3:13  Zergling x10  
  30  3:20  Baneling, Zergling x2  
  30  3:21  Zergling x2  
  30  3:26  Baneling  
  30  3:27  Baneling  
  31  3:30  Zergling x2  
  32  3:38  Zergling x2  
  28  3:41  Zergling x2  
  28  3:42  Zergling x2  
  28  3:46  Queen  
  31  3:49  Baneling x2  
  31  3:52  Zergling x2  
  32  3:58  Drone  
  32  4:01  Drone  
  34  4:06  Queen  
  34  4:09  Baneling  
  36  4:13  Drone  
  36  4:16  Drone  
  38  4:18  Drone  
  38  4:21  Drone  
  38  4:24  Drone  
  38  4:26  Drone  
  38  4:29  Baneling  
  39  4:33  Drone  
  39  4:38  Zergling x4  
  39  4:39  Baneling x2  
  40  4:48  Overlord  
  40  4:49  Drone x2  
  40  4:51  Drone  
  43  4:55  Overlord  
  41  5:14  Zergling x2  
  41  5:15  Zergling x4  
  41  5:17  Zergling x2  
  41  5:18  Hatchery  
  44  5:22  Zergling x4  
  44  5:26  Drone x2  
  44  5:27  Drone  
  49  5:28  Drone  
  49  5:33  Drone x2  
  50  5:36  Drone  
  50  5:38  Extractor  
  50  5:39  Drone  
  50  5:47  Zergling x2  
  50  5:48  Zergling x2  
  50  5:49  Zergling x2  
  52  5:53  Evolution Chamber  
  52  5:55  Baneling  
  50  5:59  Roach Warren  
  50  6:00  Zergling x6  
  50  6:03  Zergling x2  
  53  6:04  Zergling x2  
  53  6:06  Baneling x2  
  53  6:07  Baneling  
  53  6:10  Zergling x2  
  53  6:12  Zergling x2  
  53  6:16  Zergling x2  
  54  6:25  Zergling x4  
  54  6:26  Zergling x6  
  54  6:27  Zergling x2  
  54  6:28  Zergling x2  
  54  6:30  Zergling x2  
  54  6:31  Baneling x2  
  58  6:44  Roach x2, Queen  
  58  6:46  Zergling x2  
  60  6:52  Zergling x2  
  58  6:56  Zergling x2, Baneling x3  
  58  7:02  Zergling x2  
  58  7:08  Baneling x2  
Show
View Real Time Build Order
Export as new Build Order

Serral Zerg 

Build Orders: Pool First, Zergling Baneling 

Get SALT Encoding   

  12  0:00  Drone  
  13  0:12  Overlord  
  13  0:17  Drone  
  14  0:31  Drone x2  
  14  0:34  Drone  
  17  0:38  Extractor  
  16  0:46  Drone  
  17  0:50  Spawning Pool  
  17  0:56  Drone  
  17  1:07  Drone  
  18  1:20  Hatchery  
  18  1:25  Drone  
  18  1:36  Queen  
  20  1:41  Metabolic Boost  
  20  1:48  Overlord  
  20  1:57  Baneling Nest  
  20  1:59  Zergling x2  
  20  2:03  Zergling x2  
  20  2:06  Zergling x2  
  22  2:12  Zergling x2  
  23  2:19  Queen  
  25  2:24  Zergling x2  
  26  2:32  Zergling x4  
  28  2:41  Baneling  
  28  2:43  Baneling  
  28  2:45  Baneling  
  28  2:51  Zergling x8  
  32  2:55  Drone  
  32  2:56  Drone  
  34  3:10  Baneling  
  34  3:12  Zergling x4  
  34  3:21  Zergling x4  
  33  3:42  Zergling x8  
  33  3:47  Baneling  
  33  3:48  Baneling  
  32  3:49  Drone x3  
  32  3:51  Drone  
  32  3:52  Overlord  
  36  4:00  Baneling  
  36  4:07  Overlord  
  36  4:16  Drone x2  
  38  4:18  Drone  
  38  4:19  Drone  
  38  4:21  Drone x2  
  38  4:23  Drone x2  
  43  4:26  Drone x2  
  43  4:28  Baneling  
  43  4:29  Drone  
  46  4:32  Baneling  
  46  4:38  Drone x2, Zergling x2  
  48  4:42  Drone  
  50  4:46  Drone  
  50  4:53  Overlord, Extractor  
  50  4:54  Evolution Chamber, Extractor  
  50  4:57  Drone x3  
  50  4:59  Drone  
  51  5:05  Roach Warren  
  45  5:15  Zergling x2  
  45  5:20  Zerg Missile Weapons Level 1  
  47  5:21  Zergling x2  
  47  5:23  Zergling x2  
  47  5:26  Hatchery  
  47  5:27  Zergling x2  
  47  5:28  Zergling x4  
  49  5:36  Zergling x6  
  50  5:47  Drone x3  
  45  5:51  Drone x2  
  45  5:53  Drone  
  45  5:54  Baneling  
  45  5:55  Baneling  
  48  6:01  Drone  
  48  6:02  Lair  
  49  6:06  Drone  
  51  6:11  Drone x2  
  44  6:27  Zergling x6  
  44  6:28  Zergling x4  
  42  6:42  Zergling x8  
  42  6:46  Baneling x2  
  42  6:47  Baneling x2  
  37  6:54  Drone x3  
  37  6:59  Drone  
  39  7:03  Zergling x6  

Tags
 
Add a new tag
Caveats
  • Supply blocks, unpowered buildings, or Contaminate may cause inaccurate times.
  • Supply counts are checked every 10 seconds.